 Dungeon Crawl Stone Soup version 0.31.0-11-ge490571c62 (webtiles) character file.

Game seed: 6569657565977044659

23 Pooter the Trooper (level 2, 0/27 HPs)
             Began as a Minotaur Fighter on Jan 28, 2024.
             Killed by divine providence
             ... invoked by an orc priest
              (13 damage)
             ... on level 2 of the Dungeon.
             The game lasted 00:03:29 (1105 turns).

Pooter the Trooper (Minotaur Fighter)               Turns: 1105, Time: 00:03:30

Health: 0/27       AC:  6    Str: 20    XL:     2   Next: 75%
Magic:  1/1        EV:  9    Int:  5    God:
Gold:   93         SH:  4    Dex:  9    Spells: 1/1 levels left

rFire   . . .        a - +0 war axe
rCold   . . .        c - +0 buckler
rNeg    . . .        e - +0 scale mail
rPois   .            (helmet restricted)
rElec   .            (no cloak)
rCorr   .            (no gloves)
SInv    .            (no boots)
Will    .....        (no amulet) Stlth
                     (no ring)
HPRegen 0.24/turn    (no ring)
MPRegen 0.07/turn

%: no passive effects
@: no status effects
A: horns 2, retaliatory headbutt
a: no special abilities


You were on level 2 of the Dungeon.
You visited 1 branch of the dungeon, and saw 2 of its levels.

You collected 93 gold pieces.

Inventory:

Hand Weapons
 a - a +0 war axe (weapon)
 b - a +0 sling
   (You found it on level 2 of the Dungeon)
Missiles
 Q - 2 stones (quivered)
Armour
 c - a +0 buckler (worn)
 e - a +0 scale mail (worn)
Scrolls
 i - a scroll of identify {@r1}
Potions
 d - a potion of might
 f - a potion of heal wounds {@q2}
 g - a potion of curing {@q1}


   Skills:
 + Level 4.1 Fighting
 * Level 3.5 Axes
 + Level 0.1 Ranged Weapons
 + Level 0.1 Throwing
 - Level 3.6 Armour
 - Level 3.6 Shields


You had one spell level left.
You didn't know any spells.
Your spell library contained the following spells:

 Spells                   Type           Power      Damage    Failure   Level
 Blink                    Tloc           0%         N/A       95%         2
 Lesser Beckoning         Tloc           0%         N/A       95%         2
 Momentum Strike          Conj/Tloc      0%         3d8       95%         2


Dungeon Overview and Level Annotations

Branches:
Dungeon (2/15) Zot: 10875

Altars:

Annotations:
D:2 1 runed translucent door, Crazy Yiuf


Innate Abilities, Weirdness & Mutations

You have a pair of horns on your head.
You reflexively headbutt those who attack you in melee.


Message History

The sling bullet hits the giant cockroach but does no damage.
You shoot a sling bullet.
The sling bullet completely misses the giant cockroach.
You shoot a sling bullet.
The sling bullet hits the giant cockroach.
The giant cockroach bites you but does no damage.
a - a +0 war axe (weapon)
The giant cockroach bites you.
You closely miss the giant cockroach.
Your headbutt misses the giant cockroach.
You block the giant cockroach's attack.
You barely miss the giant cockroach.
The giant cockroach bites you but does no damage. x2
You hit the giant cockroach.
You kill the giant cockroach!
You see here a giant cockroach corpse.
An orc comes into view. It is wielding a +0 trident.
The orc shouts!
b - a +0 sling (weapon)
You shoot a sling bullet. The sling bullet barely misses the orc.
An orc priest comes into view. It is wielding a +0 dagger.
You shoot a sling bullet.
The sling bullet closely misses the orc.
The sling bullet barely misses the orc priest.
The orc priest shouts!
The orc priest looks braver for a moment.
You shoot a sling bullet. The sling bullet hits the orc.
The orc hits you from afar with a +0 trident!
a - a +0 war axe (weapon)
The orc hits you with a +0 trident.
You are too injured to fight recklessly!
You are too injured to fight recklessly!
You are too injured to fight recklessly!
You slash the orc!
You kill the orc!
The orc priest mumbles some strange prayers to Beogh against you.
Pain shoots through your body!
* * * LOW HITPOINT WARNING * * *
The orc priest looks encouraged for a moment.
Things that are here:
a +0 trident; a +0 ring mail You slash the orc priest!
You headbutt the orc priest. The orc priest barely misses you.
You hit the orc priest.
The orc priest looks satisfied for a moment.
You block the orc priest's attack.
You closely miss the orc priest.
The orc priest mumbles some strange prayers to Beogh against you.
Beogh smites you!
You die...

..#.# .. #.#.# #.#.#
#. #.#.# ..#.# #.
#.#.# #.#.# #. #.#.#
#.#.. #. #.#.# #.#
###############.#.#
..............#.#.#
..............#.#.#
......o@......#.#.###
#############...#...#
#. ##†##.#.## #.
#.......# #.
####....# #. ##..##
#. ♣....♣ #. ♣...♣♣
♣♣.♣♣


You could see an orc priest.

Vanquished Creatures
  An orc (D:2)
  5 bats
  2 endoplasms
  2 giant cockroaches
  3 hobgoblins
  A quokka (D:1)
  4 kobolds
  2 rats
20 creatures vanquished.

Notes
Turn   | Place    | Note
-------+----------+-------------------------------------------
     0 | D:1      | Pooter the Minotaur Fighter began the quest for the Orb.
     0 | D:1      | Reached XP level 1. HP: 19/19 MP: 0/0
   599 | D:1      | Reached XP level 2. HP: 27/27 MP: 1/1
   653 | D:1      | Reached skill level 4 in Fighting
  1066 | D:2      | Found a runed translucent door.
  1067 | D:2      | Noticed Crazy Yiuf
  1105 | D:2      | Killed from afar by an orc priest

Illustrated notes

Levels and vault maps discovered:
D:1:      mainiacjoe_arrival_oval_in_oval, layout_basic
D:2:      layout_loops_ring, serial_shops, shop, serial_co_window_serial,
          co_window_corner_a, co_window_paths_b, co_window_paths_b,
          co_window_paths_b, co_window_of_opportunity_a, co_window_corner_b,
          co_window_2corner, co_window_broadway_c, co_window_broadway_b,
          co_window_cross_2, co_window_paths_c, co_window_paths_d,
          co_window_paths_e, glass_columns_b, glass_columns_a, glass_columns_a,
          uniq_natasha, uniq_crazy_yiuf_cottage

Skill      XL: |  1  2 |
---------------+-------+-----
Axes           | 3 |  3.5
Fighting       | 4 |  4.1
Ranged Weapons | |  0.1
Throwing       | |  0.1
Armour         | |  3.6
Shields        | |  3.6

Action                     || total
---------------------------++-------
  Melee: War axe           ||    39
         Headbutt          ||     5
   Fire: Sling             ||    10
    Use: Scroll            ||     2
 Armour: Scale mail        ||    31
  Dodge: Dodged            ||    16
  Block: Buckler           ||     8
